 Dungeon Crawl Stone Soup version 0.30.0-17-ge0270778cf (webtiles) character file.

Game seed: 15554198431276417411

18 Josd the Insei (level 2, -1/23 HPs)
             Began as a Gnoll Transmuter on May 22, 2023.
             Slain by a jackal (3 damage)
             ... on level 2 of the Dungeon.
             The game lasted 00:12:39 (885 turns).

Josd the Insei (Gnoll Transmuter)                    Turns: 885, Time: 00:12:40

Health: -1/23      AC:  2    Str:  9    XL:     2   Next: 70%
Magic:  7/7        EV: 13    Int: 12    God:
Gold:   55         SH:  0    Dex: 12    Spells: 9/10 levels left

rFire   . . .        e - +0 club
rCold   . . .        (no shield)
rNeg    . . .        a - +0 robe
rPois   .            (helmet currently unavailable)
rElec   .            (no cloak)
rCorr   .            (no gloves)
SInv    .            (boots currently unavailable)
Will    .....        (no amulet)
Stlth   +            (no ring)
HPRegen 0.23/turn    (no ring)
MPRegen 0.10/turn

%: no passive effects
@: appendages (expiring)
A: horns 2, talons 2, fangs 1, strong nose, distributed training
a: End Transformation


You were on level 2 of the Dungeon.
You had temporarily grown beastly horns and talons.
You visited 1 branch of the dungeon, and saw 2 of its levels.

You collected 55 gold pieces.

Inventory:

Hand Weapons
 d - a +0 dagger
 e - a +0 club (weapon)
 f - a +0 short sword
Missiles
 c - 4 boomerangs
 g - 5 stones
Armour
 a - a +0 robe (worn)


   Skills:
 + Level 2.5 Fighting
 + Level 0.5 Short Blades
 + Level 0.5 Long Blades
 + Level 0.5 Axes
 + Level 0.5 Maces & Flails
 + Level 0.5 Polearms
 + Level 0.5 Staves
 + Level 0.5 Ranged Weapons
 + Level 0.5 Throwing
 + Level 0.5 Armour
 + Level 4.5 Dodging
 + Level 0.5 Stealth
 + Level 0.5 Shields
 + Level 6.5 Unarmed Combat
 + Level 4.9 Spellcasting
 + Level 0.3 Conjurations
 + Level 0.3 Hexes
 + Level 0.3 Summonings
 + Level 0.3 Necromancy
 + Level 0.3 Translocations
 + Level 3.7 Transmutations
 + Level 0.3 Fire Magic
 + Level 0.3 Ice Magic
 + Level 0.3 Air Magic
 + Level 0.3 Earth Magic
 + Level 0.3 Poison Magic
 + Level 0.6 Invocations
 + Level 0.5 Evocations


You had 9 spell levels left.
You knew the following spells:

 Your Spells              Type           Power      Damage    Failure   Level
a - Beastly Appendage     Tmut           22%        N/A       4%          1

Your spell library contained the following spells:

 Spells                   Type           Power      Damage    Failure   Level
 Wereblood                Tmut           11%        N/A       7%          2
 Spider Form              Tmut/Pois      7%         N/A       26%         3
 Ice Form                 Ice/Tmut       7%         N/A       65%         4


Dungeon Overview and Level Annotations

Branches:
Dungeon (2/15)

Altars:


Innate Abilities, Weirdness & Mutations

You have temporarily grown beastly horns and talons.
You have very sharp teeth.
Your uncanny sense of smell can sniff out nearby items.
Your experience applies equally to all skills.


Message History

Your butterfly dies!
Your butterfly disappears in a burst of colours!
The jackal bites your butterfly.
Your butterfly dies!
Your butterfly disappears in a burst of colours!
You swap places.
Found four items.
The jackal bites your butterfly.
Your butterfly dies!
Your butterfly disappears in a burst of colours!
Something misses your butterfly.
The jackal barely misses your butterfly.
The jackal closely misses your butterfly.
Something barely misses your butterfly.
There is a stone staircase leading up here.
Your transformation is almost over.
Something misses your butterfly. The jackal closely misses you.
Something bites your butterfly.
Your butterfly dies!
Your butterfly disappears in a burst of colours!
The jackal attacks as you move away! The jackal closely misses you.
Something bites your butterfly.
Your butterfly dies!
Your butterfly disappears in a burst of colours!
The jackal misses your butterfly. The jackal bites you.
* * * LOW HITPOINT WARNING * * *
You hit the jackal. Your kick misses the jackal. You headbutt the jackal.
The jackal is severely wounded.
The jackal barely misses you. The jackal closely misses you.
The jackal bites you.
* * * LOW HITPOINT WARNING * * *
You hit the jackal.
You kill the jackal!
The jackal closely misses you. The jackal bites you.
* * * LOW HITPOINT WARNING * * *
You see here a +0 leather armour.
You hit the jackal. Your kick misses the jackal.
The jackal is severely wounded.
You barely miss the jackal.
The jackal is lightly wounded.
The jackal misses you. The jackal bites you.
You die...

........####....#.#
.bb..>........#.# ∆
#b##b###.....#.#########
.
#...b....#####.........#
... #.##b##..#
#########.#
.....#.#..b#..# #.#
....hb....<#..# #..
....b#.##.#####.#
#.###.# ... #.?.<†h@(|.#
#...).. . ##.b..h....#
####### #.bbbb....# ####
....bbb.....# #... ∆
###:bbbbb...# #.##
#...b#####.. #... #....#
..# #.#. #....# ..
..##.#. #.##...


You could see 2 jackals.

Vanquished Creatures
  3 ball pythons
  2 endoplasms (D:1)
  2 giant cockroaches
  2 goblins (D:1)
  A hobgoblin (D:2)
  2 jackals (D:2)
  A frilled lizard (D:2)
  2 kobolds
  A rat (D:2)
16 creatures vanquished.

Notes
Turn   | Place    | Note
-------+----------+-------------------------------------------
     0 | D:1      | Josd the Gnoll Transmuter began the quest for the Orb.
     0 | D:1      | Reached XP level 1. HP: 17/17 MP: 6/6
   128 | D:1      | Reached XP level 2. HP: 17/23 MP: 7/7
   882 | D:2      | HP: 1/23 [jackal (3)]
   885 | D:2      | Slain by a jackal

Illustrated notes

Levels and vault maps discovered:
D:1:      psy_arrival_terrarium, layout_basic, minmay_octomino_c4
D:2:      layout_basic, grunt_ministairs_12, dreamdust_princess_bridge

Action                     || total
---------------------------++-------
  Melee: Club              ||   433
         Unarmed           ||     5
         Punch             ||    34
         Bite              ||    85
         Kick              ||     2
         Headbutt          ||     1
   Cast: Beastly Appendage ||     3
    Use: Scroll            ||     2
         Potion            ||     1
 Armour: Robe              ||    16
         Skin              ||    19
  Dodge: Dodged            ||   106
